 Seeded DCSS version 0.30.0-29-ga12c61a403 (webtiles) character file.

Game seed: 18007716519941398942 (custom seed)

4 Dadbod the Shield-Bearer (level 1, 18/18 HPs)
             Began as a Formicid Fighter on June 5, 2023.
             Quit the game on level 1 of the Dungeon.
             The game lasted 00:01:21 (93 turns).

Dadbod the Shield-Bearer (Formicid Fighter)           Turns: 93, Time: 00:01:21

Health: 18/18      AC: 10    Str: 22    XL:     1   Next: 77%
Magic:  1/1        EV:  9    Int:  7    God:
Gold:   670        SH:  5    Dex: 13    Spells: 0/0 levels left

rFire   + . .        a - +0 trident
rCold   . . .        c - +0 buckler
rNeg    . . .        b - +0 scale mail
rPois   .            (helmet unavailable)
rElec   .            f - +2 cloak "Gaellew" {rF+ Str+2}
rCorr   .            (no gloves)
SInv    +            (no boots)
Will    .....        (no amulet) Stlth
                     (no ring)
HPRegen 0.23/turn    (no ring)
MPRegen 0.07/turn

%: no passive effects
@: no status effects
A: permanent stasis, dig shafts and tunnels, antennae 3, four strong arms
a: Dig, Shaft Self


You were on level 1 of the Dungeon.
You visited 1 branch of the dungeon, and saw 1 of its levels.

You collected 670 gold pieces.

Inventory:

Hand Weapons
 a - a +0 trident (weapon)
Armour
 b - a +0 scale mail (worn)
 c - a +0 buckler (worn)
 f - the +2 cloak "Gaellew" (worn) {rF+ Str+2}
   (You acquired it on level 1 of the Dungeon)

   Str:       It affects your strength (+2).
   rF:        It protects you from fire.
Scrolls
 e - a scroll of acquirement
Potions
 d - a potion of might


   Skills:
 + Level 3.4 Fighting
 + Level 2.0 Polearms
 + Level 3.4 Armour
 + Level 4.1 Shields


You couldn't memorise any spells.
You didn't know any spells.
Your spell library was empty.

Dungeon Overview and Level Annotations

Branches:
Dungeon (1/15)

Altars:


Innate Abilities, Weirdness & Mutations

You cannot be hasted, slowed, berserked, paralysed or teleported.
You can dig through walls and to a lower floor.
You have a pair of large antennae on your head. (SInv)
Your four strong arms can wield two-handed weapons with a shield.


Message History

A goblin comes into view. It is wielding a +0 dagger.
The goblin shouts!
You hear an angry hiss.
You see here a scroll labelled UNKIPPOYZU.
An endoplasm comes into view.
Reach: a) +0 trident
Press: ? - help, Dir - move target, f - goblin
Aim: a goblin, wielding a +0 dagger (about 50% to evade your +0 trident)
You reach to attack!
You hit the goblin.
The goblin is severely wounded.
You hit the goblin.
You kill the goblin!
A frilled lizard comes into view.
Reach: a) +0 trident
Press: ? - help, Dir - move target, f - endoplasm
Aim: an endoplasm (about 15% to evade your +0 trident)
You reach to attack!
The frilled lizard hisses angrily.
You puncture the endoplasm!
You kill the endoplasm!
Reach: a) +0 trident
Press: ? - help, Dir - move target, f - frilled lizard
Aim: a frilled lizard (about 62% to evade your +0 trident)
You reach to attack!
You puncture the frilled lizard!
You kill the frilled lizard!
Things that are here:
a +0 dagger; a goblin corpse You see here a frilled lizard corpse.
Found 3 scrolls labelled DICAOL JAOKK.
e - 3 scrolls labelled DICAOL JAOKK This is a scroll of acquirement!
Something appears at your feet!
f - the +2 cloak "Gaellew" {rF+ Str+2} You start putting on your armour.
You continue putting on the +2 cloak "Gaellew" {rF+ Str+2}. x4
You finish putting on the +2 cloak "Gaellew" {rF+ Str+2}.
You feel stronger. Something appears at your feet!
You now have 670 gold pieces.
Unknown command.
Are you sure you want to abandon this character and quit the game? (Confirm with "yes".)

............
..##.#.#####
.# #.#.# .
#.# # #.#
#.# #######
#.# #.. ..#
###.#####
#.# #.#
#......)#
#.# #@#
#.#.##.##
#.# #.#
#.#..#.#
##.###.#{ #
##.#.#
#..)†..#
.#.#
#.?###.# {
.#.# #..#
#.# .#.#
#..# ### #.#
#..# #.#
#..#


There were no monsters in sight!

Vanquished Creatures
  An endoplasm (D:1)
  A goblin (D:1)
  A hobgoblin (D:1)
  A frilled lizard (D:1)
4 creatures vanquished.

Notes
Turn   | Place    | Note
-------+----------+-------------------------------------------
     0 | D:1      | Dadbod the Formicid Fighter began the quest for the Orb.
     0 | D:1      | Reached XP level 1. HP: 18/18 MP: 1/1
    84 | D:1      | Identified 3 scrolls of acquirement
    84 | D:1      | Acquired the +2 cloak "Gaellew" {rF+ Str+2}
    91 | D:1      | Acquired 670 gold pieces
    93 | D:1      | Quit the game

Illustrated notes

Levels and vault maps discovered:
D:1:      psy_arrival_dodecagon, layout_basic,
          dreamdust_ecumenical_altar_sealed_demon

Action                     || total
---------------------------++-------
  Melee: Trident           ||     5
    Use: Scroll            ||     2
